 Dungeon Crawl Stone Soup version 0.32-a0-999-gfa1cc04b1d (webtiles) character file.

Game seed: 17962308101489784022

9504 ezpacito the Chopper (level 11, -5/83 HPs)
             Began as a Coglin Chaos Knight on Apr 24, 2024.
             Was a High Priest of Lugonu.
             Shot with an arrow by a centaur (19 damage)
             ... on level 10 of the Dungeon.
             The game lasted 00:11:38 (9114 turns).

ezpacito the Chopper (Coglin Chaos Knight)          Turns: 9114, Time: 00:11:38

Health: -5/83      AC:  7    Str: 15    XL:     11   Next: 47%
Magic:  15/15      EV: 12    Int: 16    God:    Lugonu [*****.]
Gold:   581        SH:  0    Dex: 13    Spells: 4/16 levels left

rFire   + + .        h - +8 war axe (freeze) {Nari}
rCold   + . .        C - +0 trident (flame) {Nebetia}
rNeg    . . .        H - +1 acid dragon scales
rPois   +            (no helmet)
rElec   +            G - scarf {shadows}
rCorr   +            v - +0 pair of gloves
SInv    .            r - +0 pair of boots
Will    .....        (amulet unavailable)
Stlth   ++           (ring unavailable)
HPRegen 0.33/turn    (ring unavailable)
MPRegen 0.14/turn    (no gizmo)

%: no passive effects
@: resistant, corroded, fragile (+50% incoming damage), slowed, revved, very
slow
A: off-hand wielding, slow wielding, warmup strikes, no jewellery, iridescent
scales 1, clever 1, fire resistance 1, MP-powered wands, noise suppression
a: Invent Gizmo, Renounce Religion, Depart the Abyss, Banish, Corrupt, Enter the
Abyss


You were on level 10 of the Dungeon.
You worshipped Lugonu.
Lugonu was extremely pleased with you.
You visited 2 branches of the dungeon, and saw 11 of its levels.
You visited the Abyss 1 time.

You collected 581 gold pieces.

Inventory:

Hand Weapons
 a - a +0 hand axe of chaos {Kun}
 e - a +0 sling
 h - a +8 war axe of freezing (weapon) {Nari}
 C - a +0 trident of flaming (offhand) {Nebetia}
Missiles
 f - a throwing net
 k - 18 poisoned darts (quivered)
 m - 3 darts of dispersal
 y - 4 boomerangs
 I - a curare-tipped dart
Armour
 b - a +1 plate armour of fire resistance
 d - a +3 troll leather armour
 r - a +0 pair of boots (worn)
 v - a +0 pair of gloves (worn)
 G - a scarf of shadows (worn)
 H - +1 acid dragon scales (worn)
Magical Staves
 A - a staff of air
Talismans
 j - a beast talisman
 u - a serpent talisman
Wands
 w - a wand of flame (19)
 B - a wand of polymorph (6)
 D - a wand of digging (5)
 E - a wand of acid (11)
Scrolls
 c - a scroll of butterflies
 i - a scroll of identify
 q - 3 scrolls of immolation
 t - 11 scrolls of teleportation
 z - 2 scrolls of fog
Potions
 g - 2 potions of lignification
 l - a potion of heal wounds
 o - a potion of berserk rage
 p - 7 potions of attraction
 s - 2 potions of ambrosia


   Skills:
 * Level 6.6 Fighting
 * Level 6.6(7.7) Axes
 * Level 5.2(6.6) Polearms
 + Level 3.3 Ranged Weapons
 + Level 3.4 Throwing
 * Level 5.8 Armour
 * Level 5.3 Dodging
 + Level 3.6 Stealth
 + Level 3.1 Spellcasting
 + Level 2.3 Conjurations
 + Level 2.1 Hexes
 + Level 3.4 Necromancy
 + Level 2.6 Alchemy
 + Level 1.9 Invocations
 * Level 4.0 Evocations
 + Level 3.0 Shapeshifting


You had 4 spell levels left.
You knew the following spells:

 Your Spells              Type           Power      Damage    Failure   Level
a - Anguish               Hex/Necr       5%         N/A       63%         4
b - Fugue of the Fallen   Necr           13%        N/A       19%         3
c - Olgreb's Toxic Radia  Alch           10%        N/A       65%         4
d - Sting                 Conj/Alch      40%        1d5       10%         1

Your spell library contained the following spells:

 Spells                   Type           Power      Damage    Failure   Level
 Mercury Vapours          Alch/Air       12%        N/A       22%         2
 Ensorcelled Hibernation  Hex/Ice        10%        N/A       24%         2
 Sandblast                Erth           4%         2d4       26%         1
 Stone Arrow              Conj/Erth      12%        3d7       43%         3
 Passwall                 Erth           2%         N/A       58%         3
 Summon Forest            Summ/Tloc      1%         N/A       100%        5
 Eringya's Noxious Bog    Alch           5%         4d6       100%        6
 Summon Hydra             Summ           1%         N/A       100%        7


Dungeon Overview and Level Annotations

Branches:
Dungeon (10/15)            Temple (1/1) D:5            Lair (0/5) D:9
    Orc (0/2) D:10

Altars:
Ashenzari
Cheibriados
Dithmenos
Elyvilon
Fedhas
Gozag
Hepliaklqana
Kikubaaqudgha
Makhleb
Nemelex Xobeh
Okawaru
Qazlal
Ru
Sif Muna
Trog
Uskayaw
Vehumet
Wu Jian
Xom
Yredelemnul
Zin
The Shining One

Shops:
D:3 :

Annotations:
D:10 1 transporter, exclusion: oklob plant, Ikimono's ghost, novice DgAE


Innate Abilities, Weirdness & Mutations

You can wield a second weapon in your off-hand.
It takes a long time for you to wield or remove held weapons.
Your first few attacks do less damage.
You cannot equip rings or amulets.
You are partially covered in iridescent scales. (AC +2)
Your mind is acute. (Int +4, Str/Dex -1)
Your flesh is heat resistant. (rF+)
You expend magic power (3 MP) to strengthen your wands.
You passively dampen the noise of your surroundings.


Message History

The blink frog blinks!
The blink frog is no longer moving slowly.
The blink frog blinks!
The blink frog blinks!
The oklob plant spits acid at you. The splash of acid hits you! You resist.
The acid corrodes you!
You take 18 damage, and have 39/83 hp.
MASSIVE DAMAGE!!
You enter the shallow water.
Moving in this stuff is going to be slow.
The blink frog hits you. The oklob plant spits acid at you.
The splash of acid hits you! You resist.
You take 13 damage, and have 26/83 hp.
The blink frog blinks!
The blink frog closely misses you. The wraith hits you.
* * * LOW HITPOINT WARNING * * *
The wraith drains your vigour!
You feel yourself slow down.
You take 3 damage, and have 23/83 hp.
The centaur shouts!
You hit the oklob plant but do no damage.
You slash the oklob plant with your +8 war axe of freezing!
You freeze the oklob plant.
You closely miss the blink frog with your +8 war axe of freezing.
You hit the wraith but do no damage.
The blink frog hits you but does no damage.
The oklob plant spits acid at you. The splash of acid hits you! You resist.
* * * LOW HITPOINT WARNING * * *
The acid corrodes you! The wraith hits you but does no damage.
The blink frog blinks!
The centaur throws a stone.
The stone closely misses you. The wraith misses you.
The blink frog blinks!
You take 10 damage, and have 13/83 hp.
You hit the oklob plant but do no damage.
The oklob plant is moderately damaged.
You slash the wraith with your +8 war axe of freezing!
You freeze the wraith.
You hit the oklob plant but do no damage.
The centaur wields a +0 shortbow.
The centaur shoots an arrow.
The arrow hits you!
You die...

.............#########....####...
.......#.#.....#...............>.
.......#....©....................
..........#####.................#
.........##...##..###...........#
........##$###.##..##.)).#.......
#####..##~...~.~##..#.).)#..)....
###..##ß~.....WP##......#.[)....
#...##..#$###.#@~##.......)....>
##..##h$..##)##....##............
.#..#W#.$##....#$~#.#..####......
....#c#.~#=!...#~.#.#..####......
.#..#K#~.#.c..##..#.#..##.......#
.#..##..~.##.##..(.##..##.##.##.#
.##..##..#.###.#.)##..#......##.#
.###..##ß~..~..).##..##.#.#####.#
## ##..##~...~.~##...##.#.# #.#


You could see an oklob plant, a wraith and a centaur.

Vanquished Creatures
  A two-headed ogre (D:6)
  An oklob plant (D:10)
  A manticore (D:9)
  A rime drake (D:9)
  Maggie (D:9)
  A komodo dragon (D:10)
  2 trolls
  A polar bear (D:9)
  3 hornets
  Prince Ribbit (D:7)
  4 wyverns
  5 yaks (D:10)
  2 acid dragons
  3 water moccasins
  5 ice beasts
  5 orc warriors
  A sky beast (D:6)
  A wolf (D:9)
  2 ogres (D:6)
  2 kobold brigands
  4 bullfrogs
  4 scorpions
  8 wights
  9 killer bees
  3 howler monkeys (D:10)
  2 jellies
  4 bombardier beetles
  4 hounds
  6 orc priests
  6 iguanas
  12 orc wizards
  7 gnolls
  4 adders
  A shadow imp (D:6)
  2 white imps
  A ribbon worm (D:9)
  49 orcs
  7 endoplasms
  2 giant cockroaches (D:1)
  18 goblins
  10 hobgoblins
  2 jackals (D:1)
  18 kobolds
  3 quokkas
  6 ball pythons
  4 bats (D:1)
  2 frilled lizards (D:1)
  7 rats
248 creatures vanquished.

Notes
Turn   | Place    | Note
-------+----------+-------------------------------------------
     0 | D:1      | ezpacito the Coglin Chaos Knight began the quest for the
                  | Orb.
     0 | D:1      | Reached XP level 1. HP: 18/18 MP: 1/1
    44 | D:1      | Reached skill level 1 in Dodging
    79 | D:1      | Reached XP level 2. HP: 21/24 MP: 2/2
   115 | D:1      | Found a faded altar of an unknown god.
   166 | D:1      | XOM: divination: detect items
   199 | D:1      | XOM: silly message
   409 | D:1      | XOM: silly message
   531 | D:1      | Reached XP level 3. HP: 29/29 MP: 3/3
   977 | D:2      | XOM: 1-stop teleportation journey
   996 | D:2      | XOM: give mutations
   996 | D:2      | Gained mutation: You are partially covered in iridescent
                  | scales. (AC +2) [Xom's grace]
   996 | D:2      | Gained mutation: You possess an exceptional clarity of
                  | mind. [Xom's grace]
   996 | D:2      | Gained mutation: You expend magic power (3 MP) to
                  | strengthen your wands. [Xom's grace]
  1157 | D:2      | Reached skill level 1 in Polearms
  1157 | D:2      | Reached XP level 4. HP: 35/35 MP: 4/4
  1353 | D:2      | XOM: god gift: book of Dreams
  1557 | D:2      | XOM: summons 4 hostile shadow creatures
  1800 | D:2      | Learned a level 4 spell: Anguish
  2177 | D:3      | Found Ocepauq's Book Shop.
  2336 | D:3      | Reached skill level 1 in Stealth
  2336 | D:3      | Reached XP level 5. HP: 36/41 MP: 4/6
  2350 | D:3      | Found a burning altar of Makhleb.
  2350 | D:3      | Found an iron altar of Okawaru.
  2414 | D:3      | XOM: scenery: create altars
  2658 | D:4      | Noticed Eustachio
  2753 | D:4      | Reached skill level 1 in Spellcasting
  2753 | D:4      | Reached XP level 6. HP: 38/47 MP: 7/7
  2878 | D:4      | Eustachio changed into Eustachio the endoplasm
  2878 | D:4      | Noticed Eustachio
  2878 | D:4      | XOM: polymorph Eustachio -> Eustachio the endoplasm
  2880 | D:4      | Killed Eustachio the endoplasm
  2885 | D:4      | Learned a level 3 spell: Fugue of the Fallen
  2933 | D:4      | XOM: give mutation
  2933 | D:4      | Gained mutation: You passively dampen the noise of your
                  | surroundings. [Xom's grace]
  3249 | D:5      | Entered Level 5 of the Dungeon
  3258 | D:5      | Found a sparkling altar of Nemelex Xobeh.
  3338 | D:5      | Found a hide-covered altar of Uskayaw.
  3392 | D:5      | XOM: god gift: cabochon ring {god gift}
  3418 | Abyss:2  | Found a corrupted altar of Lugonu.
  3418 | Abyss:2  | Cast into level 2 of the Abyss (orc wizard)
  3431 | Abyss:2  | Fell from the grace of Xom
  3431 | Abyss:2  | Became a worshipper of Lugonu the Unformed
  3431 | Abyss:2  | Reached * piety under Lugonu
  3431 | Abyss:2  | Reached ** piety under Lugonu
  3433 | Abyss:2  | Noticed a glowing orange brain
  3434 | D:5      | Escaped the Abyss
  3440 | D:5      | Reached skill level 1 in Throwing
  3491 | D:5      | Reached skill level 1 in Ranged Weapons
  3491 | D:5      | Reached XP level 7. HP: 53/53 MP: 8/8
  3499 | D:5      | XOM: give mutations
  3499 | D:5      | Gained mutation: Your mind is acute. (Int +4, Str/Dex -1)
                  | [Xom's mischief]
  3499 | D:5      | Lost mutation: You possess an exceptional clarity of mind.
                  | [Xom's mischief]
  3499 | D:5      | Gained mutation: Your flesh is heat resistant. (rF+) [Xom's
                  | mischief]
  3630 | D:4      | Identified a scroll of acquirement
  3630 | D:4      | Acquired a +4 war axe of freezing
  3712 | D:5      | Found a staircase to the Ecumenical Temple.
  3774 | Temple   | Entered the Ecumenical Temple
  4006 | D:6      | Reached skill level 1 in Necromancy
  4041 | D:6      | Reached skill level 1 in Shapeshifting
  4209 | D:6      | Reached XP level 8. HP: 60/60 MP: 10/10
  4534 | D:6      | Noticed a two-headed ogre
  4545 | D:6      | Killed a two-headed ogre
  4546 | D:6      | Reached skill level 5 in Axes
  4546 | D:6      | Reached XP level 9. HP: 49/67 MP: 10/12
  4620 | D:6      | Found a glowing silver altar of Zin.
  4814 | D:7      | Learned a level 4 spell: Olgreb's Toxic Radiance
  4816 | D:7      | Learned a level 1 spell: Sting
  4938 | D:7      | Reached skill level 5 in Fighting
  4954 | D:7      | XOM: 1-stop teleportation journey
  5006 | D:7      | Noticed Prince Ribbit
  5017 | D:7      | Killed Prince Ribbit
  5024 | D:7      | XOM: noise
  5064 | D:7      | Reached skill level 1 in Alchemy
  5091 | D:7      | Reached skill level 1 in Conjurations
  5234 | D:7      | Reached *** piety under Lugonu
  5651 | D:7      | XOM: blink monster(s)
  5663 | D:7      | Reached skill level 1 in Hexes
  5857 | D:8      | Noticed a hornet
  5865 | D:8      | Paralysed by a hornet for 2 turns
  5869 | D:8      | Paralysed by a hornet for 3 turns
  5873 | D:8      | Killed a hornet
  5874 | D:8      | Reached skill level 1 in Invocations
  5874 | D:8      | Reached XP level 10. HP: 9/74 MP: 13/13
  6050 | D:8      | You fall into a shaft and drop 1 floor!
  6200 | D:8      | Paralysed by a hornet for 1 turns
  6201 | D:8      | Reached **** piety under Lugonu
  6322 | D:8      | XOM: divination: magic mapping
  6472 | D:8      | Reached skill level 5 in Armour
  6551 | D:8      | XOM: silly message
  6782 | D:9      | Reached skill level 1 in Evocations
  6806 | D:9      | Found a staircase to the Lair.
  6873 | D:9      | Noticed a manticore
  6882 | D:9      | Killed a manticore
  6898 | D:9      | XOM: 1-stop teleportation journey
  6940 | D:9      | Noticed Maggie
  6950 | D:9      | Killed Maggie
  7354 | D:9      | Reached XP level 11. HP: 67/81 MP: 15/15
  7443 | D:9      | Found a basalt altar of Yredelemnul.
  7452 | D:9      | Reached skill level 5 in Dodging
  7469 | D:9      | Noticed a profane servitor
  7484 | D:9      | Found a glowing golden altar of the Shining One.
  7488 | D:9      | Noticed an angel
  7557 | D:9      | Found a snail-covered altar of Cheibriados.
  7785 | D:10     | Entered Level 10 of the Dungeon
  7858 | D:10     | Found a staircase to the Orcish Mines.
  7858 | D:10     | XOM: 3-stop teleportation journey
  8018 | D:10     | Reached skill level 5 in Polearms
  8155 | D:10     | XOM: blink monster(s)
  8239 | D:10     | XOM: divination: magic mapping
  8313 | D:10     | Reached ***** piety under Lugonu
  8440 | D:10     | Found a transporter.
  8456 | D:10     | Noticed an oklob plant
  8463 | D:10     | Noticed a swamp dragon
  8467 | D:10     | Noticed an oklob plant
  8489 | D:10     | Found a transporter.
  8705 | D:10     | Found a sacrificial altar of Ru.
  8847 | D:10     | Found a shadowy altar of Dithmenos.
  8996 | D:10     | Noticed Ikimono's ghost (novice DgAE)
  9013 | D:10     | Noticed a swamp dragon
  9104 | D:10     | Killed an oklob plant
  9114 | D:10     | Shot with an arrow by a centaur

Illustrated notes

Levels and vault maps discovered:
D:1:      scummos_arrival_forest, layout_loops_ring,
          ebering_ecumenical_altar_hall, minivault_4
D:2:      layout_basic
D:3:      layout_basic, grunt_temple_overflow_open, serial_shops,
          nicolae_shop_real_fake_doors
D:4:      layout_loops_cross, uniq_eustachio
D:5:      layout_cave_pools, mainiacjoe_overflow_alcove_4,
          mainiacjoe_overflow_chevrons, minmay_temple_entry_poolview
D:6:      layout_basic, zin_scriptorium
D:7:      corexii_shantytown, layout_basic, chequers_serial_rivers_micro_b,
          hangedman_abyss_or_decor_passed, uniq_prince_ribbit1
D:8:      layout_basic, minmay_misc_feat_more_columns
D:9:      layout_rooms, grunt_temple_overflow_holy_war, slow_altar_2,
          hellmonk_lair_entry_icy, uniq_maggie
D:10:     layout_loops_cross, mainiacjoe_overflow_alcove_1,
          hangedman_ru_absence, orc_david_3, nzn_ghost_randoct,
          chequers_serial_rivers_micro_a
Temple:   chequers_temple_sunken

Skill      XL: |  1  2  3  4  5  6  7  8  9 10 11 |
---------------+----------------------------------+-----
Dodging        | 1 2 3 4 5 |  5.3
Armour         | 2 3 4 5 |  5.8
Polearms       | 1 2 3 4 5 |  5.2
Stealth        | 1 2 3 |  3.6
Spellcasting   | 1 2 3 |  3.1
Throwing       | 1 2 3 |  3.4
Ranged Weapons | 1 2 3 |  3.3
Fighting       | 4 5 6 |  6.6
Axes           | 4 5 6 |  6.6
Necromancy     | 1 2 3 |  3.4
Shapeshifting  | 1 2 3 |  3.0
Alchemy        | 1 2 |  2.6
Conjurations   | 1 2 |  2.3
Hexes          | 1 2 |  2.1
Invocations    | 1 |  1.9
Evocations     | 2 4 |  4.0

Action                     |  1- 3 |  4- 6 |  7- 9 | 10-12 || total
---------------------------+-------+-------+-------+-------++-------
  Melee: Hand axe          |    49 |    99 |       |       ||   148
         Dagger            |    40 |       |       |       ||    40
         Spear             |     8 |   127 |   174 |   115 ||   424
         War axe           |       |       |   142 |   187 ||   329
         Trident           |       |       |       |    94 ||    94
  Throw: Dart              |       |       |     2 |       ||     2
 Invoke: Depart the Abyss  |       |     1 |       |       ||     1
  Evoke: Wand              |       |       |       |     6 ||     6
    Use: Scroll            |       |     7 |    13 |     4 ||    24
         Potion            |       |     7 |     3 |     7 ||    17
   Stab: Sleeping          |     1 |     4 |    19 |    13 ||    37
         Confused          |       |     2 |       |       ||     2
 Armour: Leather armour    |    25 |       |       |       ||    25
         Troll leather arm |     5 |    69 |   117 |   108 ||   299
         Acid dragon scale |       |       |       |    63 ||    63
  Dodge: Dodged            |    23 |    43 |    82 |   127 ||   275

Table legend: (Time is in decaauts)
 A = Elapsed time spent in this place.
 B = Non-inter-level travel time spent in this place.
 C = Inter-level travel time spent in this place.
 D = Time resting spent in this place.
 E = Time spent auto-exploring this place.
 F = Levels seen in this place.
 G = Mean time per level.
                   A        B        C        D        E       F      G
               +--------+--------+--------+--------+--------+-----+--------+
         Total |   9166 |   8151 |   1015 |     61 |   6575 |  12 |  763.8 |
       Dungeon |   9148 |   8134 |   1014 |     61 |   6575 |  10 |  914.8 |
        Temple |      1 |      1 |      0 |      0 |      0 |   1 |    1.0 |
         Abyss |     15 |     15 |      0 |      0 |      0 |   1 |   15.0 |
               +--------+--------+--------+--------+--------+-----+--------+

Top non-repeatable levels by time:
    D:10: 1339 daAuts
     D:7: 1104 daAuts
     D:2: 950 daAuts
     D:6: 935 daAuts
     D:1: 932 daAuts
     D:8: 891 daAuts
     D:9: 887 daAuts
     D:4: 798 daAuts
     D:3: 715 daAuts
     D:5: 593 daAuts
 Abyss:2: 15 daAuts
  Temple: 1 daAuts
